 Dungeon Crawl Stone Soup version bcrawl-1.40.3b (webtiles) character file.

Game seed: 7438958890017822430

111380 Amelense the Skirmisher (level 2, 0/33 HPs)
             Began as an Ent Monk on Feb 6, 2024.
             Slain by a goblin
             ... wielding a +1 dagger of distortion
              (3 damage)
             ... on level 1 of the Dungeon.
             The game lasted 00:01:31 (278 turns).

Amelense the Skirmisher (Ent Monk)                   Turns: 278, Time: 00:01:32

Health: 0/33       AC: 10    Str: 18    XL:     2   Next: 20%
Magic:  0/3        EV: 10    Int: 10    God:
Gold:   65         SH:  0    Dex: 12    Spells: 1/1 levels left

rFire    . . .     GDR:     32% a - +0 quarterstaff
rCold    . . .     SeeInvis .   (no shield)
rNeg     + + +     Gourm    .   (armour unavailable)
rPois    +         Faith    .   b - +0 hat
rElec    .         Spirit   +   g - +0 cloak
rCorr    .         Reflect  .   (gloves unavailable)
MR       .....                  (boots unavailable)
Stlth    ++........             c - amulet of guardian spirit
HPRegen  0.15/turn              (no ring)
MPRegen  0.08/turn              (no ring)

@: lethally poisoned (0 -> -1), very slow
A: large, slow actions, passwall, strong branches, negative energy resistance 3,
poison resistance, slow metabolism 1, torment resistance, unbreathing, AC +9
a: Passwall


You were on level 1 of the Dungeon.
You were not hungry.

You visited 1 branch of the dungeon, and saw 1 of its levels.

You collected 65 gold pieces.

Inventory:

Hand Weapons
 a - a +0 quarterstaff (weapon)
Armour
 b - a +0 hat (worn)
 g - a +0 cloak (worn)
Jewellery
 c - an amulet of guardian spirit (around neck)
Scrolls
 d - a scroll of remove curse
 i - a scroll of identify
Comestibles
 e - 3 rations {!d}
 f - 6 chunks of flesh


   Skills:
 + Level 3.5 Fighting
 + Level 3.2 Staves
 + Level 2.9 Dodging
 - Level 2.4 Stealth
   Level 2.4 Invocations


You had one spell level left.
You didn't know any spells.
Your spell library was empty.

Dungeon Overview and Level Annotations

Branches:
Dungeon (1/12)

Altars:


Innate Abilities, Weirdness & Mutations

You move and act slowly.
You can pass through walls and trees.
Your branches can wield two-handed weapons with a shield.
Your thick bark is tough. (AC +9)
You are too large for most types of armour.
You are immune to negative energy. (rN+++)
Your system is resistant to poisons. (rPois)
You have a slow metabolism.
You are immune to unholy pain and torment.
You can survive without breathing.


Message History

Its appearance distorts for a moment.
The goblin barely misses you. The hobgoblin barely misses you.
The kobold hits you. The goblin hits you but does no damage.
You hit the goblin but do no damage.
You feel sick. The goblin hits you but does no damage.
Space warps horribly around you!!
Ouch! That really hurt!
* * * LOW HITPOINT WARNING * * *
The kobold barely misses you. The goblin hits you but does no damage.
The hobgoblin closely misses you. The goblin barely misses you.
The goblin closely misses you. The kobold barely misses you.
You hit the hobgoblin.
The hobgoblin is heavily wounded.
The hobgoblin hits you but does no damage.
The goblin hits you but does no damage. Space bends around you.
* * * LOW HITPOINT WARNING * * *
The kobold barely misses you. The goblin hits you but does no damage.
The hobgoblin hits you with a +0 club.
* * * LOW HITPOINT WARNING * * *
The goblin hits you but does no damage. Space bends around you.
You die...

#.####..#.# #####........#
..
#.......#..##............#
######..##...............#
#...##...#...PP..####
##.....#...#....##
##.............##
#.............##
###...)).....(K.#
#...........g@#.#
#...##.#.....gg#.## ..>..
#........)...## .....#
#####...(.....#.. ....#
#............ ..##
#.#.........#
#$..........#
............#.#
.#.......(.....


You could see a hobgoblin, 2 goblins and a kobold.

Vanquished Creatures
  A dart slug (D:1)
  A bat (D:1)
  2 goblins (D:1)
  2 hobgoblins (D:1)
  A quokka (D:1)
  A frilled lizard (D:1)
  2 kobolds (D:1)
10 creatures vanquished.

Notes
Turn   | Place    | Note
-------+----------+-------------------------------------------
     0 | D:1      | Amelense the Ent Monk began the quest for the Orb.
     0 | D:1      | Reached XP level 1. HP: 25/25 MP: 2/2
   195 | D:1      | Reached XP level 2. HP: 19/33 MP: 1/3
   278 | D:1      | Slain by a goblin

Action                   || total
-------------------------++-------
Melee: Quarterstaff      ||    28
Armor: Skin              ||    45
Dodge: Dodged            ||    38
